 Dungeon Crawl Stone Soup version 0.31.0-11-ge490571c62 (webtiles) character file.

Game seed: 5692158268663866911

147 fluffyota the Chiller (level 5, 0/35 HPs)
             Began as a Demonspawn Ice Elementalist on Feb 11, 2024.
             Slain by Ijyb
             ... wielding a +0 club
              (3 damage)
             ... on level 3 of the Dungeon.
             The game lasted 00:19:44 (3985 turns).

fluffyota the Chiller (Demonspawn Ice Elementalist) Turns: 3985, Time: 00:19:45

Health: 0/35       AC:  2    Str:  8    XL:     5   Next: 7%
Magic:  4/9        EV: 12    Int: 18    God:
Gold:   139        SH:  0    Dex: 13    Spells: 5/9 levels left

rFire   . . .        f - staff of cold
rCold   + . .        (no shield)
rNeg    . . .        a - +0 robe
rPois   .            (no helmet)
rElec   .            (no cloak)
rCorr   .            (no gloves)
SInv    .            (no boots)
Will    .....        (no amulet)
Stlth   ++           (no ring)
HPRegen 0.25/turn    (no ring)
MPRegen 0.11/turn

%: no passive effects
@: very slightly contaminated
A: hooves 1, condensation shield
a: no special abilities


You were on level 3 of the Dungeon.
You visited 1 branch of the dungeon, and saw 4 of its levels.

You collected 139 gold pieces.

Inventory:

Hand Weapons
 e - a +0 dagger of venom
 q - the +8 whip of Tension {speed, Dex+2}
   (You found it on level 2 of the Dungeon)

   Dex+2:     It affects your dexterity (+2).
Missiles
 g - 4 poisoned darts
Armour
 a - a +0 robe (worn)
 d - a +0 robe
Magical Staves
 f - a staff of cold (weapon)
 k - a staff of conjuration
Wands
 n - a wand of roots (14)
Scrolls
 i - a scroll of immolation {unknown}
 m - a scroll of brand weapon
 o - a scroll of fog
Potions
 b - a potion of magic
 c - a potion of curing
 h - a potion of lignification
 j - a potion of degeneration {unknown}
 l - a potion of attraction {unknown}
 p - a potion of ambrosia {unknown}


   Skills:
 + Level 2.7 Dodging
 + Level 3.0 Stealth
 + Level 2.9 Spellcasting
 + Level 4.3 Ice Magic


You had 5 spell levels left.
You knew the following spells:

 Your Spells              Type           Power      Damage    Failure   Level
a - Freeze                Ice            100%       1d10      2%          1
b - Ozocubu's Armour      Ice            27%        N/A       9%          3

Your spell library contained the following spells:

 Spells                   Type           Power      Damage    Failure   Level
 Frozen Ramparts          Ice            54%        1d9       9%          3
 Summon Ice Beast         Ice/Summ       15%        N/A       21%         3


Dungeon Overview and Level Annotations

Branches:
Dungeon (4/15)
 Temple: D:4-7

Altars:
Qazlal
Trog

Annotations:
D:3 Ijyb


Innate Abilities, Weirdness & Mutations

You have large cloven feet.
A meltable shield of frost defends you. (SH +0)


Message History

Aiming: Freeze (safe; 2% risk of failure)
Press: ? - help, Shift-Dir - straight line, f - Ijyb
Aim: Ijyb, wielding a +0 club, wearing a +0 leather armour and carrying a wand of flame You feel a surge of power!
You miscast Freeze.
You are very lightly contaminated with residual magic.
Nothing appears to happen.
Ijyb hits you with a +0 club.
Casting: Freeze (safe; 2% risk of failure)
Confirm with . or Enter, or press ? or * to list all spells.
Aiming: Freeze (safe; 2% risk of failure)
Press: ? - help, Shift-Dir - straight line, f/p - Ijyb
Aim: Ijyb, wielding a +0 club, wearing a +0 leather armour and carrying a wand of flame You feel a surge of power!
You freeze Ijyb!
Ijyb is moderately wounded.
Ijyb zaps a wand.
The puff of flame hits you!
Casting: Freeze (safe; 2% risk of failure)
Confirm with . or Enter, or press ? or * to list all spells.
Aiming: Freeze (safe; 2% risk of failure)
Press: ? - help, Shift-Dir - straight line, f/p - Ijyb
Aim: Ijyb, wielding a +0 club, wearing a +0 leather armour and carrying a wand of flame (moderately wounded)
You feel a surge of power!
You freeze Ijyb.
Ijyb is moderately wounded.
Ijyb hits you with a +0 club.
Casting: Freeze (safe; 2% risk of failure)
Confirm with . or Enter, or press ? or * to list all spells.
Aiming: Freeze (safe; 2% risk of failure)
Press: ? - help, Shift-Dir - straight line, f/p - Ijyb
Aim: Ijyb, wielding a +0 club, wearing a +0 leather armour and carrying a wand of flame (moderately wounded)
You feel a surge of power!
You freeze Ijyb.
Ijyb is heavily wounded.
Ijyb zaps a wand.
The puff of flame hits you!
* * * LOW HITPOINT WARNING * * *
Casting: Freeze (safe; 2% risk of failure)
Confirm with . or Enter, or press ? or * to list all spells.
Aiming: Freeze (safe; 2% risk of failure)
Press: ? - help, Shift-Dir - straight line, f/p - Ijyb
Aim: Ijyb, wielding a +0 club, wearing a +0 leather armour and carrying a wand of flame (heavily wounded)
You feel a surge of power!
You freeze Ijyb!
Ijyb is almost dead.
Ijyb hits you with a +0 club.
You die...

#.#..#.....# #.##.##.# #.
#.# .......#
#####(##.##.###. #.#.
#....###...............
### #.#.
#....##.........##.###.
..# #.#.#
#.....'....#.#####.# #.
..# #.#.# #.#.###....#.#
#.# #. ..###.#(#
#.#.###...##.# #.# ..
..'.#.#.# ..#.......##.#
#.# ..
..'...#.###.#...@g......
..# ..
..#...#..................
..#...
..#...#..##>=.......#####
..# ..#...#..####.......#
###......# #.......#
........## #....####
........# ######
##......# ######+#


You could see Ijyb.

Vanquished Creatures
  A bombardier beetle (D:4)
  5 adders
  5 dart slugs
  A ribbon worm (D:2)
  2 orcs (D:4)
  8 bats
  2 endoplasms
  A giant cockroach (D:1)
  3 hobgoblins
  2 quokkas
  12 ball pythons
  5 goblins
  8 kobolds
  7 rats
62 creatures vanquished.

Notes
Turn   | Place    | Note
-------+----------+-------------------------------------------
     0 | D:1      | fluffyota the Demonspawn Ice Elementalist began the quest
                  | for the Orb.
     0 | D:1      | Reached XP level 1. HP: 13/13 MP: 3/3
   517 | D:1      | Gained mutation: You have large cloven feet. [demonic
                  | ancestry]
   517 | D:1      | Reached XP level 2. HP: 19/19 MP: 0/5
  1165 | D:1      | Reached XP level 3. HP: 24/24 MP: 2/6
  1639 | D:2      | Identified a scroll of acquirement
  1639 | D:2      | Acquired a staff of cold
  1781 | D:2      | Reached skill level 4 in Ice Magic
  1842 | D:2      | Learned a level 3 spell: Ozocubu's Armour
  1884 | D:2      | Identified the +8 whip of Tension {speed, Dex+2}
  2265 | D:2      | Reached XP level 4. HP: 30/30 MP: 4/7
  2871 | D:3      | Noticed Ijyb
  2874 | D:4      | Noticed a phantom
  3290 | D:4      | Found a bloodstained altar of Trog.
  3453 | D:4      | Noticed an ogre
  3626 | D:4      | Noticed a black bear
  3862 | D:4      | Gained mutation: A meltable shield of frost defends you.
                  | (SH +0) [demonic ancestry]
  3862 | D:4      | Reached XP level 5. HP: 32/35 MP: 4/9
  3934 | D:3      | Found a stormy altar of Qazlal.
  3985 | D:3      | Slain by Ijyb

Illustrated notes

Levels and vault maps discovered:
D:1:      psy_arrival_terrarium, layout_basic
D:2:      layout_loops_cross
D:3:      layout_basic, nicolae_qazlal_general_emergency,
          mainiacjoe_overflow_concentric_impassable, kennysheep_generic_room_6,
          uniq_crazy_yiuf_cottage, uniq_jessica, uniq_ijyb
D:4:      layout_basic, mainiacjoe_overflow_cross_hatched

Skill      XL: |  1  2  3  4 |
---------------+-------------+-----
Stealth        | 2 3 |  3.0
Dodging        | 2 |  2.7
Ice Magic      | 4 |  4.3
Spellcasting   | |  2.9

Action                     |  1- 3 |  4- 6 || total
---------------------------+-------+-------++-------
  Melee: Unarmed           |     5 |       ||     5
         Dagger            |    21 |       ||    21
         Kick              |     3 |       ||     3
         Staff             |     1 |     5 ||     6
   Cast: Freeze            |    62 |    33 ||    95
         Ozocubu's Armour  |     1 |       ||     1
    Use: Scroll            |     2 |     4 ||     6
         Potion            |     1 |       ||     1
   Stab: Sleeping          |     1 |       ||     1
 Armour: Robe              |    31 |    23 ||    54
  Dodge: Dodged            |    38 |    16 ||    54
